 Dungeon Crawl Stone Soup version 0.18-a0-1574-g3f9d221 (webtiles) character file.

930 Oddball22 the Sneak (level 7, -7/32 HPs)
             Began as a Spriggan Arcane Marksman on Mar 16, 2016.
             Was a Follower of Sif Muna.
             Mangled by a black bear (8 damage)
             ... on level 6 of the Dungeon.
             The game lasted 00:22:19 (8772 turns).

Oddball22 the Sneak (Spriggan Arcane Marksman)      Turns: 8772, Time: 00:22:19

Health: -7/32      AC:  0    Str:  7    XL:     7   Next: 86%
Magic:  6/16       EV: 21    Int: 18    God:    Sif Muna [*.....]
Gold:   309        SH:  0    Dex: 18    Spells: 7 memorised, 2 levels left

rFire  . . .     SeeInvis +     j - +2 dagger (speed)
rCold  + . .     Gourm    .     A - +2 robe "Lean" {*Corrode rElec rN+++ Int+4}
rNeg   + + +     Faith    .     (shield restricted)
rPois  .         Spirit   .     (helmet restricted)
rElec  +         Dismiss  .     (no cloak)
rCorr  .         Reflect  .     (gloves unavailable)
SustAt .         Harm     .     (boots unavailable)
MR     +....                    (no amulet)
Stlth  ++++......               z - ring of ice
                                t - ring of protection from fire

@: corroded equipment, very quick, somewhat resistant to hostile enchantments,
stealthy
A: unfitting armour, see invisible, herbivore 3, speed 3, slow metabolism 2
a: Channel Energy, Renounce Religion


You were on level 6 of the Dungeon.
You worshipped Sif Muna.
Sif Muna was aware of your devotion.
You were not hungry.

You visited 2 branches of the dungeon, and saw 7 of its levels.

You collected 309 gold pieces.

Inventory:

Hand Weapons
 a - a +0 shortbow
 g - a +1 dagger of holy wrath
 j - a +2 dagger of speed (weapon)
Missiles
 d - 43 arrows
Armour
 A - the +2 robe "Lean" (worn) {*Corrode rElec rN+++ Int+4}
   (You found it on level 4 of the Dungeon)

   It affects your intelligence (+4).
   It insulates you from electricity.
   It renders you almost immune to negative energy.
   It may corrode your equipment when you take damage.
Jewellery
 t - a ring of protection from fire (left hand)
 z - a ring of ice (right hand)
Wands
 s - a wand of slowing (20/48)
Scrolls
 e - a scroll of fear {unknown}
 h - a scroll of remove curse {unknown}
 i - 2 scrolls of fog {unknown}
 k - a scroll of amnesia
 l - 3 scrolls of blinking {unknown}
 n - 3 scrolls of identify
 o - 4 scrolls of recharging {unknown}
 r - 2 scrolls of enchant weapon {unknown}
 w - 2 scrolls of teleportation {unknown}
 F - a scroll of magic mapping {unknown}
Potions
 b - a potion of cure mutation {unknown}
 m - 2 potions of haste {unknown}
 p - 2 potions of cancellation {unknown}
 q - a potion of invisibility {unknown}
 v - a potion of flight {unknown}
 x - 2 potions of ambrosia {unknown}
 C - 2 potions of heal wounds {unknown}
 E - a potion of mutation {unknown}
Books
 c - a book of Debilitation

   Spells                             Type                      Level
   a - Corona                         Hexes                        1
   b - Slow                           Hexes                        2
   c - Gell's Gravitas                Hexes/Translocation          3
   d - Inner Flame                    Hexes/Fire                   3
   e - Cause Fear                     Hexes                        4
   f - Leda's Liquefaction            Hexes/Earth                  4
 y - a book of Spatial Translocations

   Spells                             Type                      Level
   a - Apportation                    Translocation                1
   b - Blink                          Translocation                2
   c - Shroud of Golubria             Charms/Translocation         2
   d - Portal Projectile              Translocation                3
   e - Teleport Other                 Translocation                3
   f - Passage of Golubria            Translocation                4
 D - a Fen Folio

   Spells                             Type                      Level
   a - Corpse Rot                     Necromancy                   2
   b - Stone Arrow                    Conjuration/Earth            3
   c - Leda's Liquefaction            Hexes/Earth                  4
   d - Summon Forest                  Summoning/Translocation      5
   e - Hydra Form                     Transmutation                6
   f - Summon Hydra                   Summoning                    7
Comestibles
 f - 2 bread rations
 B - a slice of pizza


   Skills:
 - Level 0.7 Fighting
 - Level 4.3 Bows
 - Level 5.7 Dodging
 + Level 5.9 Stealth
 * Level 5.7 Spellcasting
 + Level 5.8 Hexes
 + Level 3.4 Translocations


You had 2 spell levels left.
You knew the following spells:

 Your Spells              Type           Power        Failure   Level  Hunger
a - Corona                Hex            ####...      1%          1    None
b - Slow                  Hex            ####....     1%          2    None
c - Gell's Gravitas       Hex/Tloc       ###.......   6%          3    ##.....
d - Apportation           Tloc           ###.......   3%          1    None
e - Blink                 Tloc           N/A          6%          2    None
f - Portal Projectile     Tloc           ###...       12%         3    ##.....
g - Teleport Other        Tloc           ###.....     12%         3    ##.....


Dungeon Overview and Level Annotations

Branches:
Dungeon (6/15)             Temple (1/1) D:4

Altars:
Ashenzari
Cheibriados
Dithmenos
Elyvilon
Fedhas
Gozag
Kikubaaqudgha
Makhleb
Nemelex Xobeh
Okawaru
Qazlal
Ru
Sif Muna
Trog
Vehumet
Xom
Yredelemnul
Zin


Innate Abilities, Weirdness & Mutations

You are tiny and cannot use many weapons and most armour.
You have supernaturally acute eyesight.
You are a herbivore.
You cover ground extremely quickly.
You need consume almost no food.


Message History

The black bear is lightly wounded.
The black bear bites you. The black bear completely misses you.
The black bear misses you.
You hit the black bear.
The black bear is lightly wounded.
The black bear bites you.
* * * LOW HITPOINT WARNING * * *
The black bear misses you. The black bear claws you.
* * * LOW HITPOINT WARNING * * *
You hit the black bear but do no damage.
The black bear is lightly wounded.
You hit the black bear but do no damage.
The black bear is lightly wounded.
The black bear bites you.
* * * LOW HITPOINT WARNING * * *
The black bear barely misses you. The black bear closely misses you.
You hit the black bear but do no damage.
The black bear is lightly wounded.
The black bear bites you!
You die...

###.#...######
#.# #.#.........
..# #.#..#######
### ####....##
#..>.....###
#.#.#......# #
#.<..#...##
#<#.##....##
..... #.@...#
#.(......h.?..#
#................
.....#.......###
...###.....## #.#
##...## #. ##...
....


You could see a black bear.

Vanquished Creatures
  A sky beast (D:5)
  A gnoll sergeant (D:5)
  A scorpion (D:4)
  3 wights (D:3)
  A crimson imp (D:5)
  A hound (D:4)
  A centaur zombie (D:5)
  An orc priest (D:6)
  An iron imp (D:5)
  3 orc wizards
  3 worker ants
  A hound skeleton (D:4)
  Robin (D:3)
  3 gnolls (D:2)
  10 adders
  A shadow imp (D:6)
  2 oozes
  An adder skeleton (D:4)
  4 dart slugs
  A giant gecko (D:5)
  17 orcs
  A ball python (D:1)
  11 bats
  5 giant cockroaches
  21 goblins
  13 hobgoblins
  8 jackals
  3 quokkas
  3 giant newts
  10 kobolds
  A quokka skeleton (D:4)
  7 rats
141 creatures vanquished.

Notes
Turn   | Place    | Note
--------------------------------------------------------------
     0 | D:1      | Oddball22 the Spriggan Arcane Marksman began the quest for the Orb.
     0 | D:1      | Reached XP level 1. HP: 9/9 MP: 3/3
   168 | D:1      | Reached skill level 1 in Stealth
   456 | D:1      | Reached XP level 2. HP: 14/14 MP: 3/5
  1441 | D:1      | Reached XP level 3. HP: 17/17 MP: 5/7
  1768 | D:2      | Learned a level 2 spell: Slow
  1772 | D:2      | Learned a level 3 spell: Gell's Gravitas
  2441 | D:2      | Reached XP level 4. HP: 21/21 MP: 6/8
  3398 | D:3      | Reached XP level 5. HP: 4/25 MP: 4/10
  3657 | D:3      | Found an iron altar of Okawaru.
  3685 | D:3      | Found a sparkling altar of Nemelex Xobeh.
  3792 | D:3      | Reached skill level 5 in Dodging
  4204 | D:3      | Reached XP level 6. HP: 27/29 MP: 7/11
  5441 | D:3      | Noticed Robin
  5552 | D:3      | Killed Robin
  5602 | D:3      | Learned a level 1 spell: Apportation
  5605 | D:3      | Learned a level 2 spell: Blink
  5695 | D:4      | Found a sacrificial altar of Ru.
  5781 | D:4      | Found a staircase to the Ecumenical Temple.
  5790 | Temple   | Entered the Ecumenical Temple
  5892 | Temple   | Became a worshipper of Sif Muna the Loreminder
  6104 | D:4      | Reached skill level 5 in Hexes
  6130 | D:4      | Reached skill level 1 in Translocations
  6282 | D:4      | Reached XP level 7. HP: 32/32 MP: 14/14
  6868 | D:4      | Got a wizard robe
  6879 | D:4      | Identified the +2 robe "Lean" {*Corrode rElec rN+++ Int+4} (You found it on level 4 of the Dungeon)
  6925 | D:4      | Found a white marble altar of Elyvilon.
  7135 | D:5      | Entered Level 5 of the Dungeon
  7319 | D:5      | Found a bloodstained altar of Trog.
  7522 | D:5      | Reached skill level 5 in Stealth
  7586 | D:5      | Reached skill level 5 in Spellcasting
  7631 | D:5      | Found a snail-covered altar of Cheibriados.
  7638 | D:5      | Reached * piety under Sif Muna
  7900 | D:5      | Found an opulent altar of Gozag.
  8240 | D:6      | Learned a level 3 spell: Portal Projectile
  8244 | D:6      | Learned a level 3 spell: Teleport Other
  8771 | D:6      | HP: 1/32 [black bear (2)]
  8772 | D:6      | Mangled by a black bear

Vault maps used:
D:1:      dpeg_arrival_round_a, st_stairs_3
D:2:      kennysheep_minor_cross
D:3:      kennysheep_goblin_castle, nicolae_overflow_crystal_walls, first_bread,
          minmay_misc_feat_encased, hangedman_decor_lopped,
          grunt_decor_resistance, solitary_fountain, nemelex_lonely_heart_becter
D:4:      kennysheep_mini, nicolae_ru_sacrificial_ziggurat,
          lemuel_temple_firewalk_marked, glass_columns_a
D:5:      slow_altar_1, marbit_many_paths, basic_altar
D:6:      uniq_prince_ribbit1
Temple:   zaba_magenta_temple_12

Skill      XL: |  1  2  3  4  5  6  7 |
---------------+----------------------+-----
Stealth        | 1 2 3 4 5 |  5.9
Spellcasting   | 2 3 4 5 |  5.7
Bows           | 3 4 |  4.3
Dodging        | 4 5 |  5.7
Hexes          | 4 5 |  5.8
Translocations | 1 3 |  3.4
Fighting       | |  0.7

Action                   |  1- 3 |  4- 6 |  7- 9 || total
-------------------------+-------+-------+-------++-------
Melee: Dagger            |   176 |   362 |   134 ||   672
 Fire: Shortbow          |    11 |    58 |    65 ||   134
 Cast: Corona            |    30 |    52 |    18 ||   100
       Slow              |       |    10 |       ||    10
       Gell's Gravitas   |       |     4 |       ||     4
       Teleport Other    |       |       |     4 ||     4
  Use: Potion            |     1 |     3 |     1 ||     5
       Scroll            |       |     2 |       ||     2
 Stab: Sleeping          |     4 |     8 |     6 ||    18
  Eat: Royal jelly       |       |     1 |       ||     1
       Pizza             |       |     1 |       ||     1
       Bread ration      |       |     1 |       ||     1
